cohdb
Replays
Latest Replays
All Replays
Popular Replays
Top Player Replays
Match Explorer
How It Works
Community
CoH3 Stats
Reddit
Sign in to upload your games and track your stats! →
Sign in with Steam
Match 47261245
Unlisted
Match 47261245
Overview
Messages
Build Orders
End
Royal Engineer Section
Construct Section Command Post
Dingo Light Scout Car
Vickers Machine Gun Team
Dingo Light Scout Car
Infantry Section
Construct Platoon Command Post
6-pounder Anti-tank Gun Team
Construct Company Command Post
Selects Heavy Armor Battlegroup
Crusader II Medium Tank
Crusader II Medium Tank
Mowgli01
Rowen
[BBC] octo
El_Wittman
——>\Saaibot/<——
pavlo_js
pingüino38
mentos.96
0
0
Comments
sign in to comment!
No comments posted yet!